 Dungeon Sprint DCSS version 0.22-a0-414-gacd343e (webtiles) character file.

12469 Mgcat the Fighter (level 11, -3/80 HPs)
             Began as a Gargoyle Fighter on May 13, 2018.
             Was the Champion of Qazlal.
             Killed by divine providence
             ... invoked by an orc high priest
              (15 damage)
             ... in the Dungeon (Sprint IX: "|||||||||||||||||||||||||||||").
             The game lasted 00:08:06 (1908 turns).

Mgcat the Fighter (Gargoyle Fighter)                Turns: 1908, Time: 00:08:06

Health: -3/80      AC: 35    Str: 37    XL:     11   Next: 93%
Magic:  18/18      EV: 11    Int:  8    God:    Qazlal [******]
Gold:   1265       SH: 23    Dex:  9    Spells: 10/10 levels left

rFire    + . .     SeeInvis .   l - +2 flail of the Sky {holy, Str+10}
rCold    . . .     Gourm    .   c - +0 shield
rNeg     + + .     Faith    .   A - +2 plate armour {rN+}
rPois    ∞         Spirit   .   t - +0 helmet
rElec    +         Reflect  .   m - +0 cloak
rCorr    .         Harm     .   s - +0 pair of gloves
MR       .....     NoTele   +   d - +0 pair of boots
Stlth    ..........             (no amulet)
HPRegen  0.23/turn              v - +2 ring of protection
MPRegen  0.16/turn              u - +3 ring of strength

@: protected from fire, hasted, repel missiles, very quick
A: low mp 1, negative energy resistance 1, electricity resistance, unbreathing,
petrification resistance, rot immunity, AC +8
a: Upheaval, Elemental Force, Disaster Area, Renounce Religion


You were in the Dungeon.
You worshipped Qazlal.
Qazlal was exalted by your worship.
You were not hungry.

You visited 1 branch You collected 1265 gold pieces.

Inventory:

Hand Weapons
 l - the +2 flail of the Sky (weapon) {holy, Str+10}
   (You found it in the Dungeon)

   It has been blessed by the Shining One to cause great damage to the undead
   and demons.
   It affects your strength (+10).
 r - a +2 morningstar of protection
   (You found it in the Dungeon)
Armour
 c - a +0 shield (worn)
 d - a +0 pair of boots (worn)
   (You found it in the Dungeon)
 m - a +0 cloak (worn)
   (You found it in the Dungeon)
 s - a +0 pair of gloves (worn)
   (You found it in the Dungeon)
 t - a +0 helmet (worn)
   (You found it in the Dungeon)
 A - a +2 plate armour of positive energy (worn)
   (You took it off an orc warrior in the Dungeon)
Magical Staves
 p - an uncursed staff of energy {+MP, hungerless spells, !d!a@w1}
   (You found it in the Dungeon)
Jewellery
 u - a +3 ring of strength (right hand)
   (You found it in the Dungeon)
 v - a +2 ring of protection (left hand)
   (You found it in the Dungeon)
Wands
 q - a wand of iceblast (10)
   (You found it in the Dungeon)
Scrolls
 k - 3 scrolls of blinking {!r}
 n - 3 scrolls of remove curse
 o - 2 scrolls of amnesia
 x - 2 scrolls of fog
 y - 2 scrolls of fear
Potions
 a - a potion of resistance
 e - 3 potions of curing
 i - 4 potions of magic
 j - 3 potions of berserk rage {!q}
Comestibles
 f - 12 rations
 z - 28 chunks of flesh {@w0}


   Skills:
 + Level 14.5 Fighting
 + Level 13.3 Maces & Flails
 + Level 14.5 Armour
 + Level 5.5 Dodging
 + Level 14.0 Shields
 + Level 12.4 Invocations


You had 10 spell levels left.
You didn't know any spells.
Your spell library was empty.

Dungeon Overview and Level Annotations

Branches:
Dungeon (1/1)

Altars:
Cheibriados
Dithmenos
Elyvilon
Fedhas
Gozag
Hepliaklqana
Kikubaaqudgha
Makhleb
Nemelex Xobeh
Okawaru
Qazlal
Ru
Sif Muna
Trog
Uskayaw
Vehumet
Wu Jian
Xom
Yredelemnul
Zin
The Shining One
Beogh
Jiyva
Lugonu

Shops:
D :[*


Innate Abilities, Weirdness & Mutations

You are resistant to torment.
Your stone body is resilient. (AC +8)
You are immune to poison.
You resist negative energy. (rN+)
You are resistant to electric shocks. (rElec)
You can survive without breathing.
You are immune to petrification.
You are immune to rotting.
Your magical capacity is low. (-10% MP)


Message History

Things that are here:
a flail; a battleaxe of chopping; a ring mail You feel better.
You are covered in liquid flames!
The neqoxec gestures at you.
Strange energies course through your body.
You feel less energetic.
You feel much better.
You are covered in liquid flames!
You feel more protected from fire.
The orc high priest mumbles some strange prayers to Beogh.
The neqoxec hits you but does no damage.
The neqoxec gestures at you.
Something tries to feed on your intellect!
You feel much better.
You are covered in liquid flames!
You hear a shout!
The orc high priest invokes the aid of Beogh against you.
Beogh smites you!
You hit the neqoxec but do no damage. You block the neqoxec's attack.
You sock the neqoxec!
The neqoxec convulses.
The neqoxec is heavily wounded.
The orc high priest invokes the aid of Beogh against you.
Beogh smites you!
You completely miss the neqoxec.
The neqoxec is heavily wounded.
You block the neqoxec's attack.
You hit the neqoxec but do no damage.
The neqoxec is heavily wounded.
The orc priest casts a cantrip, but nothing happens.
Your plate armour prevents you from hitting the neqoxec.
The neqoxec is heavily wounded.
You block the neqoxec's attack.
Your plate armour prevents you from hitting the neqoxec.
The neqoxec is heavily wounded.
You sock the neqoxec!
The neqoxec convulses!
You kill the neqoxec!
An orc priest comes into view. It is wielding a dagger.
The orc priest shouts!
The orc high priest hits you but does no damage.
The orc high priest closely misses you.
You see here 50 gold pieces.
You hit the orc high priest.
The orc high priest is lightly wounded.
You sock the orc high priest!
The orc high priest is lightly wounded.
You block the orc high priest's attack. x2
You sock the orc high priest!
The orc high priest is moderately wounded.
You closely miss the orc high priest.
The orc high priest is moderately wounded.
The neqoxec gestures.
You sock the orc high priest!
The orc high priest is heavily wounded.
You block the orc high priest's attack. x2
The orc high priest prays to Beogh.
You completely miss the orc high priest.
The orc high priest is heavily wounded.
You hit the orc high priest.
The orc high priest is severely wounded.
The orc high priest closely misses you. You block the orc high priest's attack.
You hit the orc high priest.
The orc high priest is severely wounded.
The neqoxec gestures.
You hit the orc high priest.
The orc high priest is severely wounded.
The orc priest looks satisfied for a moment.
You sock the orc high priest!
The orc high priest is almost dead.
The orc high priest intones a terrible prayer.
The orc high priest utters an invocation to Beogh.
The orc high priest mumbles some strange prayers to Beogh.
You hit the orc high priest.
The orc high priest is almost dead.
The orc priest casts a cantrip, but nothing happens.
You hit the orc high priest.
You kill the orc high priest!
Qazlal accepts your kill.
The orange demon disappears in a puff of smoke!
Your Shields skill increases to level 14!
You block the orc high priest's attack.
The orc high priest calls down the wrath of Beogh upon you.
Beogh smites you!
Found Bopsiq Weep's Book Boutique.
Things that are here:
a battleaxe; 50 gold pieces; an orc corpse You sock the orc high priest!
The orc high priest is moderately wounded.
You block the orc high priest's attack.
You miss the orc high priest.
The orc high priest is moderately wounded.
The orc high priest calls down the wrath of Beogh upon you.
Beogh smites you!
* * * LOW HITPOINT WARNING * * *
You hit the orc high priest.
The orc high priest is moderately wounded.
The orc high priest hits you but does no damage.
The orc high priest calls down the wrath of Beogh upon you.
Beogh smites you!
You die...

▓.▓.▓.▓(▓
▓∩▓.▓)▓.▓(▓
▓o▓.▓.▓.▓.▓
▓o▓.▓.▓.▓[▓
▓o▓.▓.▓.▓.▓
▓3▓.▓.▓.▓.▓
▓o▓.▓.▓.▓)▓
▓o▓.▓.▓.▓.▓
▓@▓.▓.▓.▓.▓
▓$▓.▓.▓.▓.▓
▓)▓.▓'▓.▓'▓
▓$▓.▓.▓.▓_▓
▓.▓.▓÷▓.▓_▓
▓.▓.▓÷▓.▓_▓
▓.▓.▓.▓.▓_▓
▓.▓.▓.▓.▓_▓
▓.▓.▓.▓.▓_▓


You could see 2 orc high priests, a neqoxec and 3 orc priests.

Vanquished Creatures
  2 dire elephants (D)
  A two-headed ogre (D)
  3 orc high priests (D)
  An orc sorcerer (D)
  A deep elf mage (D)
  7 elephants (D)
  A spiny frog (D)
  Joseph (D)
  A gargoyle (D)
  3 komodo dragons (D)
  2 blink frogs (D)
  A hippogriff (D)
  A shadow (D)
  A yak (D)
  A wyvern (D)
  3 water moccasins (D)
  4 porcupines (D)
  2 ice beasts (D)
  12 orc warriors (D)
  An ogre (D)
  A centaur (D)
  2 crocodiles (D)
  A big kobold (D)
  A bullfrog (D)
  A scorpion (D)
  2 orc priests (D)
  A worker ant (D)
  2 orc wizards (D)
  A shadow imp (D)
  A dart slug (D)
  A leopard gecko (D)
  9 orcs (D)
  A bat skeleton (D)
  A goblin (D)
  A hobgoblin (D)
  A jackal (D)
  A bat (D)
  A jackal zombie (D)
78 creatures vanquished.

Notes
Turn   | Place    | Note
-------+----------+-------------------------------------------
     0 | D        | Mgcat the Gargoyle Fighter began the quest for the Orb.
     0 | D        | Reached XP level 1. HP: 14/14 MP: 1/1
    32 | D        | Reached skill level 4 in Fighting
    32 | D        | Reached skill level 4 in Armour
    34 | D        | Reached skill level 3 in Maces & Flails
    34 | D        | Reached XP level 2. HP: 10/20 MP: 2/2
   238 | D        | Reached skill level 5 in Fighting
   238 | D        | Reached skill level 4 in Maces & Flails
   238 | D        | Reached skill level 5 in Armour
   238 | D        | Reached XP level 3. HP: 14/26 MP: 3/3
   390 | D        | Found a roughly hewn altar of Beogh.
   390 | D        | Found a snail-covered altar of Cheibriados.
   390 | D        | Found a shadowy altar of Dithmenos.
   390 | D        | Found a white marble altar of Elyvilon.
   390 | D        | Found a blossoming altar of Fedhas.
   390 | D        | Found an opulent altar of Gozag.
   391 | D        | Found a hazy altar of Hepliaklqana.
   392 | D        | Found a viscous altar of Jiyva.
   393 | D        | Found an ancient bone altar of Kikubaaqudgha.
   394 | D        | Found a corrupted altar of Lugonu.
   395 | D        | Found a burning altar of Makhleb.
   396 | D        | Found a sparkling altar of Nemelex Xobeh.
   397 | D        | Found an iron altar of Okawaru.
   398 | D        | Found a stormy altar of Qazlal.
   399 | D        | Found a sacrificial altar of Ru.
   400 | D        | Found a deep blue altar of Sif Muna.
   401 | D        | Found a bloodstained altar of Trog.
   402 | D        | Found a hide-covered altar of Uskayaw.
   403 | D        | Found a radiant altar of Vehumet.
   404 | D        | Found an ornate altar of the Wu Jian Council.
   405 | D        | Found a shimmering altar of Xom.
   406 | D        | Found a basalt altar of Yredelemnul.
   407 | D        | Found a glowing silver altar of Zin.
   408 | D        | Found a glowing golden altar of the Shining One.
   430 | D        | Became a worshipper of Qazlal Stormbringer
   477 | D        | Noticed a scorpion
   477 | D        | Noticed an ogre
   477 | D        | Noticed an ice beast
   477 | D        | Noticed a gargoyle
   477 | D        | Noticed a big kobold
   477 | D        | Noticed a centaur
   493 | D        | Killed a centaur
   493 | D        | Reached skill level 6 in Fighting
   493 | D        | Reached skill level 5 in Maces & Flails
   493 | D        | Reached skill level 6 in Armour
   493 | D        | Reached skill level 4 in Shields
   493 | D        | Reached skill level 3 in Invocations
   493 | D        | Reached XP level 4. HP: 32/32 MP: 3/6
   493 | D        | Reached XP level 5. HP: 37/37 MP: 3/7
   502 | D        | Killed a big kobold
   502 | D        | Reached skill level 7 in Fighting
   502 | D        | Reached skill level 7 in Armour
   502 | D        | Reached skill level 5 in Shields
   502 | D        | Reached skill level 4 in Invocations
   510 | D        | Killed a gargoyle
   510 | D        | Reached * piety under Qazlal
   510 | D        | Reached skill level 8 in Fighting
   510 | D        | Reached skill level 7 in Maces & Flails
   510 | D        | Reached skill level 8 in Armour
   510 | D        | Reached skill level 7 in Shields
   510 | D        | Reached skill level 6 in Invocations
   510 | D        | Reached XP level 6. HP: 25/45 MP: 5/10
   510 | D        | Reached XP level 7. HP: 28/50 MP: 5/11
   529 | D        | Reached skill level 9 in Fighting
   529 | D        | Reached skill level 9 in Armour
   533 | D        | Reached ** piety under Qazlal
   533 | D        | Reached skill level 8 in Maces & Flails
   533 | D        | Reached skill level 8 in Shields
   533 | D        | Reached skill level 7 in Invocations
   591 | D        | Noticed a two-headed ogre
   591 | D        | Noticed a deep elf mage
   591 | D        | Noticed a shadow
   591 | D        | Noticed a wyvern
   606 | D        | Killed a wyvern
   606 | D        | Reached XP level 8. HP: 42/56 MP: 13/13
   619 | D        | Killed a shadow
   619 | D        | Reached *** piety under Qazlal
   632 | D        | Killed a deep elf mage
   632 | D        | Reached skill level 10 in Fighting
   632 | D        | Reached skill level 9 in Maces & Flails
   632 | D        | Reached skill level 10 in Armour
   632 | D        | Reached skill level 9 in Shields
   632 | D        | Reached skill level 8 in Invocations
   640 | D        | HP: 8/57 [two-headed ogre/giant spiked club (13)]
   644 | D        | Killed a two-headed ogre
   644 | D        | Reached skill level 10 in Shields
   644 | D        | Reached skill level 9 in Invocations
   644 | D        | Reached XP level 9. HP: 21/63 MP: 14/16
   945 | D        | Got the +2 flail of the Sky {holy, Str+10}
   947 | D        | Got the cursed +0 scale mail of the Bulwark {rN++ Regen+ rCorr Str-5}
   960 | D        | Noticed a komodo dragon
   960 | D        | Noticed a spiny frog
   960 | D        | Noticed a komodo dragon
   967 | D        | Reached skill level 11 in Fighting
   967 | D        | Reached skill level 11 in Armour
   977 | D        | Killed a komodo dragon
   977 | D        | Reached **** piety under Qazlal
   977 | D        | Reached skill level 10 in Maces & Flails
   983 | D        | Killed a spiny frog
   983 | D        | Reached skill level 10 in Invocations
  1000 | D        | Killed a komodo dragon
  1000 | D        | Reached skill level 11 in Shields
  1017 | D        | Reached ***** piety under Qazlal
  1017 | D        | Reached XP level 10. HP: 51/71 MP: 17/17
  1023 | D        | Reached skill level 12 in Fighting
  1023 | D        | Reached skill level 12 in Armour
  1078 | D        | Noticed an elephant
  1090 | D        | Killed an elephant
  1090 | D        | Reached skill level 11 in Maces & Flails
  1122 | D        | Reached skill level 12 in Shields
  1142 | D        | Reached ****** piety under Qazlal
  1285 | D        | Noticed an elephant
  1285 | D        | Noticed an elephant
  1285 | D        | Noticed an elephant
  1285 | D        | Noticed a dire elephant
  1285 | D        | Noticed a dire elephant
  1285 | D        | Noticed an elephant
  1286 | D        | Noticed an elephant
  1307 | D        | Killed a dire elephant
  1307 | D        | Reached skill level 13 in Fighting
  1307 | D        | Reached skill level 12 in Maces & Flails
  1307 | D        | Reached skill level 13 in Armour
  1307 | D        | Reached skill level 1 in Dodging
  1317 | D        | Noticed an elephant
  1318 | D        | Killed a dire elephant
  1318 | D        | Reached skill level 2 in Dodging
  1318 | D        | Reached XP level 11. HP: 38/78 MP: 17/19
  1324 | D        | Reached skill level 3 in Dodging
  1324 | D        | Reached skill level 11 in Invocations
  1332 | D        | Reached skill level 13 in Shields
  1355 | D        | Reached skill level 4 in Dodging
  1596 | D        | Noticed Joseph
  1606 | D        | Killed Joseph
  1640 | D        | Noticed an orc high priest
  1649 | D        | Killed an orc high priest
  1649 | D        | Reached skill level 14 in Fighting
  1649 | D        | Reached skill level 14 in Armour
  1739 | D        | Noticed an orc sorcerer
  1757 | D        | Killed an orc sorcerer
  1757 | D        | Reached skill level 13 in Maces & Flails
  1768 | D        | Reached skill level 12 in Invocations
  1788 | D        | Reached skill level 5 in Dodging
  1867 | D        | Found Eqesauhi's General Store.
  1867 | D        | Noticed an orc high priest
  1867 | D        | Noticed an orc high priest
  1867 | D        | Noticed an orc high priest
  1873 | D        | Noticed an orc high priest
  1876 | D        | Killed an orc high priest
  1880 | D        | HP: 17/80 [orc priest/divine providence (13)]
  1881 | D        | Found Hefua's Armour Shop.
  1881 | D        | HP: 6/80 [orc high priest/divine providence (11)]
  1882 | D        | Gained mutation: Your magical capacity is low. (-10% MP) [a neqoxec]
  1904 | D        | Killed an orc high priest
  1904 | D        | Reached skill level 14 in Shields
  1905 | D        | Found Bopsiq Weep's Book Boutique.
  1907 | D        | HP: 12/80 [orc high priest/divine providence (16)]
  1908 | D        | Killed from afar by an orc high priest

Vault maps used:
D:        linesprint

Skill      XL: |  1  2  3  4  5  6  7  8  9 10 11 |
---------------+----------------------------------+-----
Fighting       | 4 5 6 8 9 10 11 13 14 | 14.5
Armour         | 4 5 6 8 9 10 11 13 14 | 14.5
Maces & Flails | 3 4 5 7 8 9 10 12 13 | 13.3
Shields        | 4 7 8 10 11 12 14 | 14.0
Invocations    | 3 6 7 9 10 12 | 12.4
Dodging        | 2 5 |  5.5

Action                   |  1- 3 |  4- 6 |  7- 9 | 10-12 || total
-------------------------+-------+-------+-------+-------++-------
Melee: Flail             |    74 |    16 |    76 |   285 ||   451
       Morningstar       |       |       |    52 |       ||    52
  Use: Potion            |     1 |       |     1 |    10 ||    12
 Stab: Invisible         |       |       |       |     5 ||     5
  Eat: Chunk             |       |       |       |     4 ||     4
Armor: Scale mail        |    43 |     6 |    50 |    39 ||   138
       Plate armour      |       |       |       |     5 ||     5
Dodge: Dodged            |    50 |     5 |    10 |    38 ||   103
Block: Shield            |    10 |     5 |    87 |   144 ||   246

Table legend:
 A = Spawn XP
 B = Non-spawn XP
 C = Spawn XP percentage of total XP
 D = Spawn monster count
 E = Non-spawn monster count
 F = Spawn count percentage of total count
 G = Total turns spent on level
                    A         B        C        D         E        F      G
               +---------+---------+-------+---------+---------+-------+---------
         Total |       0 |   17814 |   0.0 |       0 |      78 |   0.0 |  1908
               +---------+---------+-------+---------+---------+-------+---------
             D |       0 |   17814 |   0.0 |       0 |      78 |   0.0 |  1908
               +---------+---------+-------+---------+---------+-------+---------

Vault maps used:
D:        linesprint

Table legend:
 A = Turns spent in this place as a percentage of turns spent in the entire game.
 B = Non-inter-level travel turns spent in this place as a percentage of non-inter-level travel turns spent in the entire game.
 C = Inter-level travel turns spent in this place as a percentage of turns spent in this place.
 D = Turns resting spent in this place as a percentage of non-inter-level travel turns spent in this place.
 E = Turns spent auto-exploring this place as a percentage of non-inter-level travel turns spent in this place.
 F = Non-inter-level travel turns spent in this place divided by the number of levels of this place that you've seen.
                   A       B       C       D       E      F
               +-------+-------+-------+-------+-------+----------------------
         Total | 100.0 | 100.0 |   0.3 |  20.4 |  36.5 | 1902.0
       Dungeon | 100.0 | 100.0 |   0.3 |  20.4 |  36.5 | 1902.0
               +-------+-------+-------+-------+-------+----------------------

Table legend:
 A = Kills in this place as a percentage of kills in entire the game.
 B = Kills by you in this place as a percentage of kills by you in the entire game.
 C = Kills by friends in this place as a percentage of kills by friends in the entire game.
 D = Other kills in this place as a percentage of other kills in the entire game.
 E = Experience gained in this place as a percentage of experience gained in the entire game.
 F = Experience gained in this place divided by the number of levels of this place that you have seen.
                   A       B       C       D       E      F
               +-------+-------+-------+-------+-------+----------------------
         Total | 100.0 | 100.0 |   N/A |   N/A | 100.0 | 17814.0
       Dungeon | 100.0 | 100.0 |   N/A |   N/A | 100.0 | 17814.0
               +-------+-------+-------+-------+-------+----------------------
